Description

Maru vs Showtime

Replay - Maru v ShoWTimE: Game 1 - Romanticide LE

Build Order

Get SALT Encoding   

  12  0:00  SCV  
  13  0:12  SCV  
  14  0:17  Supply Depot  
  14  0:24  SCV  
  15  0:38  SCV  
  15  0:40  Barracks  
  16  0:43  Refinery  
  16  0:50  SCV  
  17  1:03  SCV  
  18  1:15  SCV  
  19  1:27  Orbital Command, Marine  
  20  1:46  Command Center  
  20  1:53  SCV  
  21  1:57  Factory  
  21  2:02  Barracks Reactor  
  21  2:05  SCV  
  22  2:12  Bunker  
  22  2:18  SCV  
  22  2:19  Supply Depot  
  23  2:29  Refinery  
  23  2:41  Starport  
  24  2:48  Hellion x2  
  28  2:57  Orbital Command  
  30  3:10  Widow Mine x2  
  34  3:18  Medivac  
  38  3:27  Supply Depot  
  38  3:32  Widow Mine x2  
  44  3:41  Barracks Tech Lab  
  45  3:52  Refinery  
  45  3:53  Supply Depot  
  47  3:57  Starport Tech Lab  
  47  4:05  Marine x2  
  47  4:07  Siege Tank  
  54  4:12  Supply Depot  
  56  4:28  Raven  
  56  4:29  Marine x2  
  60  4:32  Barracks  
  58  4:42  Bunker x2  
  58  4:45  Siege Tank  
  58  4:47  Marine x2  
  58  5:04  Marine x2  
  62  5:18  Siege Tank  
  62  5:19  Barracks  
  66  5:22  Marine  
  67  5:28  Marauder, Stimpack  
  67  5:30  Medivac  
  69  5:47  Engineering Bay  
  69  5:50  Siege Tank  
  72  6:02  Refinery  
  72  6:06  Barracks Tech Lab, Starport Reactor  
  72  6:07  Refinery  
  78  6:26  Combat Shield  
  78  6:28  Command Center  
  78  6:33  Terran Infantry Weapons Level 1  
  78  6:38  Marauder  
  82  6:44  Marauder  
  85  6:48  Factory Reactor  
  85  6:51  Medivac  
  88  6:56  Medivac  
  93  7:08  Concussive Shells  
  94  7:15  Barracks x2  
  94  7:17  Marauder  
  96  7:24  Marauder  
  96  7:26  Widow Mine x2  
  106  7:37  Medivac x2  
  106  7:40  Marauder  
  110  7:45  Orbital Command, Marauder  
  112  7:54  Widow Mine x2  
  118  8:06  Barracks Reactor  
  118  8:07  Marauder x2  
  124  8:13  Viking x2  
  124  8:19  Orbital Command  
  131  8:24  Widow Mine  
  131  8:39  Marauder  
  133  9:16  Liberator x2  
  143  9:21  Terran Infantry Armor Level 1  
  153  9:41  Armory  
  155  9:56  Refinery x2  
Spawning Tool Build Advisor. Get it on Overwolf

Go to:

Details

  • Created by: CrackedRiceBowl
  • Published on: Mar 24, 2021
  • Modified on: Mar 24, 2021
  • Patch: 4.11.0
  • Difficulty: Hard
Show
View Real Time Build Order
Export as new Build Order

Comments (0)

There are no comments. Be the first!

Create an account to comment!